AoeStats
← charlescolucci12

Arena

506709502Analyzed
1v1 RM · 18d ago on Sep 14, 2026· 23m 59s· 2 players
Game mode
Random Map
Map size
Tiny (2 player)
Population
200
Speed
Normal
Resources
Standard
Victory
Conquest
Starting age
Dark Age
Ending age
Imperial Age
RankedLock teamsTeams togetherTeam positionsShared explorationLock speedFull tech treeHidden civsTurbo modeCheats
Victory
Defeat
🇲🇽 Jurchens · Mexico
886
+17
🇺🇸 Franks · United States
908
-17
Ronin Blade
7:29 Loom
10:27 Feudal Age
14:41 Castle Age
13:04 Double-Bit Axe
22:04 Horse Collar
23:34 Fletching
charlescolucci12
7:12 Loom
12:10 Feudal Age
16:59 Castle Age
17:47 Wheelbarrow
18:02 Town Watch
21:00 Double-Bit Axe
22:20 Stone Mining
22:24 Gold Mining
Connection lost

Rejoining the realm…

Still unreachable

The connection could not be restored.

Session expired

The server has moved on; the page needs a fresh start.